 Dungeon Crawl Stone Soup version 0.31.0-1-g2c135a0 (webtiles) character file.

Game seed: 11795999770120100301

2 bonegar the Sneak (level 1, -1/15 HPs)
             Began as a Naga Enchanter on Feb 18, 2024.
             Slain by a goblin
             ... wielding a +1 dagger of venom
              (2 damage)
             ... on level 1 of the Dungeon.
             The game lasted 00:01:15 (187 turns).

bonegar the Sneak (Naga Enchanter)                   Turns: 187, Time: 00:01:15

Health: -1/15      AC:  1    Str: 10    XL:     1   Next: 30%
Magic:  3/3        EV:  9    Int: 15    God:
Gold:   20         SH:  0    Dex: 11    Spells: 4/4 levels left

rFire   . . .        a - +1 dagger
rCold   . . .        (no shield)
rNeg    . . .        b - +0 robe
rPois   +            (no helmet)
rElec   .            (no cloak)
rCorr   .            (no gloves)
SInv    +            (no barding)
Will    .....        (no amulet)
Stlth   ++           (no ring)
HPRegen 0.22/turn    (no ring)
MPRegen 0.08/turn

%: no passive effects
@: invisible, very slow
A: AC +0, large, see invisible, deformed body, poison resistance, slowness 2,
spit poison 1, naga tail 1
a: Spit Poison


You were on level 1 of the Dungeon.
You visited 1 branch of the dungeon, and saw 1 of its levels.

You collected 20 gold pieces.

Inventory:

Hand Weapons
 a - a +1 dagger (weapon)
Armour
 b - a +0 robe (worn)
Scrolls
 e - a scroll of fog {unknown}
Potions
 c - a potion of invisibility
 d - a potion of might {unknown}


   Skills:
 + Level 1.0 Short Blades
 + Level 1.5 Dodging
 + Level 4.4 Stealth
 + Level 2.0 Spellcasting
 * Level 3.0 Hexes


You had 4 spell levels left.
You didn't know any spells.
Your spell library contained the following spells:

 Spells                   Type           Power      Damage    Failure   Level
 Ensorcelled Hibernation  Hex/Ice        12%        N/A       19%         2
 Confusing Touch          Hex            10%        N/A       19%         3
 Tukima's Dance           Hex            10%        N/A       19%         3
 Dazzling Flash           Conj/Hex       12%        N/A       34%         3


Dungeon Overview and Level Annotations

Branches:
Dungeon (1/15)

Altars:


Innate Abilities, Weirdness & Mutations

Your serpentine skin is tough. (AC +0)
You have supernaturally acute eyesight. (SInv)
Armour fits poorly on your strangely shaped body.
Your system is resistant to poisons. (rPois)
You cover ground very slowly.
You can spit poison.
You have a snake-like lower body.


Message History

Found 6 gold pieces.
There are no items here.
You start waiting.
There are no items here.
You see here 7 gold pieces.
You now have 20 gold pieces (gained 7).
A rat comes into view.
Found a scroll labelled GUXOM SIEPLADI.
Found a stone staircase leading down.
The rat squeaks loudly.
A goblin comes into view. It is wielding a +0 club.
The goblin shouts!
The rat bites you. The rat barely misses you.
The kobold shouts!
You hit the rat.
You kill the rat!
The goblin hits you with a +0 club.
You completely miss the goblin.
A kobold comes into view. It is wielding a +0 whip.
The goblin misses you.
You barely miss the goblin. You closely miss the goblin.
A goblin comes into view. It is wielding a +1 dagger of venom.
A hobgoblin comes into view.
The goblin hits you with a +0 club.
You closely miss the goblin. The goblin hits you with a +0 club.
You fade into invisibility!
The kobold barely misses you. The goblin hits you with a +0 club.
You closely miss the kobold. The kobold closely misses you.
The goblin hits you with a +0 club.
You catch the helpless kobold completely off-guard!
You puncture the kobold!
You kill the kobold!
The kobold hits you with a +0 whip.
* * * LOW HITPOINT WARNING * * *
The goblin hits you with a +0 club.
* * * LOW HITPOINT WARNING * * *
You closely miss the goblin. The goblin barely misses you.
The goblin hits you with a +1 dagger of venom.
You die...

..##.#.#......#
##.#.#.#......# ######
<'.#.#.#.†....# ......
##.#.#.#[.....# ......
≈.##.#.'......####.....
###.##.'.............>
.≈.##.##.........K.##.#
####.##..........g....#
≈...##......###.@g...#
#####.......#
#.$.g....#
.................##..
........####....##
.......## #....#
......$ #..?.# ######


You could see a hobgoblin (unable to see you), 2 goblins and a kobold (unable to
see you).

Vanquished Creatures
  A kobold (D:1)
  2 rats (D:1)
3 creatures vanquished.

Notes
Turn   | Place    | Note
-------+----------+-------------------------------------------
     0 | D:1      | bonegar the Naga Enchanter began the quest for the Orb.
     0 | D:1      | Reached XP level 1. HP: 15/15 MP: 3/3
   187 | D:1      | Slain by a goblin

Illustrated notes

Levels and vault maps discovered:
D:1:      evilmike_arrival_rings, layout_rooms

Action                     || total
---------------------------++-------
  Melee: Dagger            ||     9
    Use: Potion            ||     1
   Stab: Invisible         ||     1
         Sleeping          ||     1
 Armour: Robe              ||     9
  Dodge: Dodged            ||     5
